 Dungeon Crawl Stone Soup version 0.26-a0-812-g31a745ddcd (webtiles) character file.

Game seed: 7992959945207462055

2487 loralnil the Insei (level 9, -6/81 HPs)
             Began as a Gnoll Transmuter on Nov 22, 2020.
             Was a Believer of Cheibriados.
             Mangled by a two-headed ogre
             ... wielding a +0 giant club
              (21 damage)
             ... on level 10 of the Dungeon.
             The game lasted 00:10:26 (6624 turns).

loralnil the Insei (Gnoll Transmuter)               Turns: 6624, Time: 00:10:27

Health: -6/81      AC:  6    Str: 26    XL:     9   Next: 52%
Magic:  26/28      EV: 15    Int: 20    God:    Cheibriados [**....]
Gold:   389        SH:  0    Dex: 22    Spells: 11/21 levels left

rFire    x . .     SeeInvis .     - Unarmed
rCold    + + +     Faith    .   (shield currently unavailable)
rNeg     . . .     Spirit   .   (armour currently unavailable)
rPois    +         Reflect  .   (helmet currently unavailable)
rElec    .         Harm     .   (cloak currently unavailable)
rCorr    .         Rampage  .   (gloves currently unavailable)
MR       .....                  (boots currently unavailable)
Stlth    +++.......             (no amulet)
HPRegen  0.23/turn              b - +6 ring of strength
MPRegen  0.21/turn              r - ring of magical power

@: ice-form, very slow
A: large, distributed training, strong nose
a: End Transformation, Bend Time, Renounce Religion


You were on level 10 of the Dungeon.
You worshipped Cheibriados.
Cheibriados was pleased with you.
You were a creature of crystalline ice.
You visited 2 branches of the dungeon, and saw 10 of its levels.

You collected 429 gold pieces.
You spent 40 gold pieces at shops.

Inventory:

Armour
 a - a +0 robe (melded)
 q - a +1 cloak (melded)
 w - a +0 pair of boots (melded)
 x - a +0 pair of gloves (melded)
Jewellery
 b - a +6 ring of strength (left front paw)
 r - a ring of magical power (right front paw)
Wands
 y - a wand of disintegration (31)
 B - a wand of digging (5)
Scrolls
 c - 2 scrolls of amnesia
 h - a scroll of fog
 i - 8 scrolls of remove curse
 j - 4 scrolls of teleportation {unknown}
 k - a scroll of magic mapping
 l - a scroll of enchant weapon {unknown}
 m - a scroll of noise {unknown}
 t - a scroll of vulnerability {unknown}
 u - a scroll of holy word {unknown}
 A - a scroll of blinking {unknown}
Potions
 d - 2 potions of invisibility
 e - 5 potions of lignification
 f - a potion of curing
 g - a potion of mutation
 n - a potion of cancellation
 o - a potion of attraction {unknown}
 p - a potion of berserk rage {unknown}
 s - 3 potions of brilliance
 v - 2 potions of might
 z - a potion of flight {unknown}


   Skills:
 + Level 5.1 Fighting
 + Level 4.3 Short Blades
 + Level 4.3 Long Blades
 + Level 4.3 Axes
 + Level 4.3 Maces & Flails
 + Level 4.3 Polearms
 + Level 4.3 Staves
 + Level 4.3 Slings
 + Level 4.3 Bows
 + Level 4.3 Crossbows
 + Level 4.3 Throwing
 + Level 4.3 Armour
 + Level 6.3 Dodging
 + Level 4.3 Stealth
 + Level 4.3 Shields
 + Level 7.9 Unarmed Combat
 + Level 6.7 Spellcasting
 + Level 3.5 Conjurations
 + Level 3.5 Hexes
 + Level 3.5 Summonings
 + Level 3.5 Necromancy
 + Level 3.5 Translocations
 + Level 5.3 Transmutations
 + Level 3.5 Fire Magic
 + Level 3.5 Ice Magic
 + Level 3.5 Air Magic
 + Level 3.5 Earth Magic
 + Level 3.5 Poison Magic
 + Level 4.7 Invocations
 + Level 4.3 Evocations


You had 11 spell levels left.
You knew the following spells:

 Your Spells              Type           Power        Failure   Level
a - Beastly Appendage     Tmut           ####..       1%          1
b - Wereblood             Tmut           ####....     1%          2
c - Spider Form           Tmut/Pois      ###.......   4%          3
d - Ice Form              Ice/Tmut       ###.....     16%         4

Your spell library contained the following spells:

 Spells                   Type           Power        Failure   Level
 Shock                    Conj/Air       ###.         2%          1
 Swiftness                Air            ###.....     3%          2
 Static Discharge         Conj/Air       ###.....     7%          3
 Airstrike                Air            ###.......   22%         4
 Blade Hands              Tmut           ####......   30%         5
 Lightning Bolt           Conj/Air       ###.......   54%         5


Dungeon Overview and Level Annotations

Branches:
Dungeon (8/15)             Temple (1/1) D:5
   Lair: D:8-11

Altars:
Cheibriados
Dithmenos
Elyvilon
Fedhas
Gozag
Hepliaklqana
Nemelex Xobeh
Okawaru
Qazlal
Ru
Sif Muna
Trog
Vehumet
Yredelemnul
Zin

Shops:
D:4 =[*(:   D:6 (


Innate Abilities, Weirdness & Mutations

Your experience applies equally to all skills.
((You have very sharp teeth.))
Your uncanny sense of smell can sniff out nearby items.


Message History

You hit the two-headed ogre but do no damage.
The two-headed ogre is lightly wounded.
You hit the two-headed ogre. You freeze the two-headed ogre.
The two-headed ogre is lightly wounded.
The two-headed ogre hits you with a +0 giant club.
The two-headed ogre hits you with a +0 giant club!
You hit the two-headed ogre but do no damage.
The two-headed ogre is lightly wounded.
The two-headed ogre barely misses you.
The two-headed ogre hits you with a +0 giant club!!
* * * LOW HITPOINT WARNING * * *
You feel better.
You completely miss the two-headed ogre.
The two-headed ogre is lightly wounded.
The two-headed ogre barely misses you. The two-headed ogre misses you.
Okay, then.
You barely miss the two-headed ogre.
The two-headed ogre is lightly wounded.
The two-headed ogre hits you with a +0 giant club!!
You die...

#+### ######+######
....#### #...........#
....'..# #..........=#
....##.# #...........#
....##.# #?....<.....#
..).##.#####...........#
....##.....#.....O.....#
....######.'....Y......#
....# ###...........#
##+## #...........#
########+#### ∆


You could see a two-headed ogre.

Vanquished Creatures
  A gargoyle (D:10)
  Sigmund (D:2)
  A wyvern (D:8)
  Menkaure (D:4)
  2 ice beasts
  A phantom (D:4)
  4 ogres
  2 centaurs
  3 bullfrogs
  A wyvern skeleton (D:6)
  3 scorpions
  An electric eel (D:7)
  A bullfrog zombie (D:5)
  A centaur zombie (D:8)
  2 hounds
  A bullfrog skeleton (D:3)
  5 iguanas
  4 worker ants
  A hound zombie (D:6)
  A worker ant zombie (D:7)
  4 gnolls (D:6)
  5 adders
  2 white imps (D:6)
  An ufetubus (D:5)
  An adder zombie (D:5)
  3 worms
  4 dart slugs
  5 leopard geckos
  8 orcs
  8 bats
  4 giant cockroaches
  8 goblins
  2 hobgoblins
  9 jackals
  2 quokkas
  4 ball pythons
  6 frilled lizards
  3 quokka skeletons
  6 rats
122 creatures vanquished.

Notes
Turn   | Place    | Note
-------+----------+-------------------------------------------
     0 | D:1      | loralnil the Gnoll Transmuter began the quest for the Orb.
     0 | D:1      | Reached XP level 1. HP: 17/17 MP: 6/6
   116 | D:1      | Reached XP level 2. HP: 22/23 MP: 5/7
   123 | D:1      | Learned a level 2 spell: Wereblood
   788 | D:2      | Noticed Sigmund
   826 | D:2      | Killed Sigmund
   826 | D:2      | Reached skill level 1 in Short Blades
   826 | D:2      | Reached skill level 1 in Long Blades
   826 | D:2      | Reached skill level 1 in Axes
   826 | D:2      | Reached skill level 1 in Maces & Flails
   826 | D:2      | Reached skill level 1 in Polearms
   826 | D:2      | Reached skill level 1 in Staves
   826 | D:2      | Reached skill level 1 in Slings
   826 | D:2      | Reached skill level 1 in Bows
   826 | D:2      | Reached skill level 1 in Crossbows
   826 | D:2      | Reached skill level 1 in Throwing
   826 | D:2      | Reached skill level 1 in Armour
   826 | D:2      | Reached skill level 1 in Stealth
   826 | D:2      | Reached skill level 1 in Shields
   826 | D:2      | Reached skill level 5 in Spellcasting
   826 | D:2      | Reached skill level 1 in Conjurations
   826 | D:2      | Reached skill level 1 in Hexes
   826 | D:2      | Reached skill level 1 in Summonings
   826 | D:2      | Reached skill level 1 in Necromancy
   826 | D:2      | Reached skill level 1 in Translocations
   826 | D:2      | Reached skill level 1 in Fire Magic
   826 | D:2      | Reached skill level 1 in Ice Magic
   826 | D:2      | Reached skill level 1 in Air Magic
   826 | D:2      | Reached skill level 1 in Earth Magic
   826 | D:2      | Reached skill level 1 in Poison Magic
   826 | D:2      | Reached skill level 1 in Invocations
   826 | D:2      | Reached skill level 1 in Evocations
   826 | D:2      | Reached XP level 3. HP: 12/29 MP: 6/9
   826 | D:2      | Reached XP level 4. HP: 15/35 MP: 7/11
   826 | D:2      | Reached XP level 5. HP: 17/41 MP: 7/12
   831 | D:2      | Learned a level 3 spell: Spider Form
   836 | D:2      | Learned a level 4 spell: Ice Form
  1985 | D:3      | Reached XP level 6. HP: 47/47 MP: 11/13
  2123 | D:4      | Found Nuqut's Assorted Antiques.
  2251 | D:4      | Bought a scroll of identify for 40 gold pieces
  2269 | D:4      | Reached skill level 5 in Dodging
  2348 | D:4      | Noticed a phantom
  2366 | D:4      | Killed a phantom
  2550 | D:4      | Found Wiuxtax's Antique Armour Emporium.
  2625 | D:4      | Found Puckeckao's Antique Weapon Emporium.
  2631 | D:4      | Noticed Menkaure
  2641 | D:4      | Killed Menkaure
  2641 | D:4      | Reached skill level 7 in Unarmed Combat
  2641 | D:4      | Reached XP level 7. HP: 52/52 MP: 11/15
  2648 | D:4      | Found Hesaum's Book Emporium.
  2928 | D:4      | Found a basalt altar of Yredelemnul.
  2978 | D:4      | Found Cioh's Jewellery Boutique.
  3138 | D:5      | Entered Level 5 of the Dungeon
  3138 | D:5      | Found a staircase to the Ecumenical Temple.
  3153 | Temple   | Entered the Ecumenical Temple
  3186 | Temple   | Became a worshipper of Cheibriados the Contemplative
  3727 | D:5      | Reached XP level 8. HP: 60/60 MP: 12/16
  3881 | D:5      | Reached * piety under Cheibriados
  4244 | D:6      | Found Oneolar's Weapon Boutique.
  4713 | D:6      | Found a white marble altar of Elyvilon.
  5342 | D:7      | Reached skill level 5 in Transmutations
  5342 | D:7      | Reached XP level 9. HP: 58/66 MP: 18/18
  5349 | D:7      | Reached ** piety under Cheibriados
  6522 | D:8      | You fall into a shaft and drop 2 floors!
  6522 | D:10     | Entered Level 10 of the Dungeon
  6523 | D:10     | Noticed a gargoyle
  6528 | D:10     | Killed a gargoyle
  6528 | D:10     | Reached skill level 5 in Fighting
  6610 | D:10     | Noticed a two-headed ogre
  6624 | D:10     | Mangled by a two-headed ogre

Illustrated notes

Levels and vault maps discovered:
D:1:      heliophobic_arrival_dark_side_of_the_moon, layout_loops_ring,
          chequers_serial_rivers_micro_e
D:2:      layout_basic, nicolae_overflow_hidden_temple, uniq_sigmund
D:3:      layout_rooms, kennysheep_generic_room_14
D:4:      layout_cave_pools, lemuel_coloured_pillars_altar, serial_shops, shop,
          shop, shop_fountains, nicolae_shop_crystal,
          nicolae_shop_window_shopping, uniq_menkaure
D:5:      layout_gridville, minmay_temple_entry_offerings
D:6:      layout_loops_corners, elyvilon_altar_5, serial_shops,
          kennysheep_mini_moat
D:7:      layout_basic, st_stairs_4, fountainhead, minmay_holes, minivault_25
D:8:      layout_cave_pools
D:10:     layout_roguey, orc_0_dummy, enter_bailey_3
Temple:   compressed_dpeg_circular_temple

Skill      XL: |  1  2  3  4  5  6  7  8  9 |
---------------+----------------------------+-----
Fighting       | 3 4 5 |  5.1
Short Blades   | 1 2 3 4 |  4.3
Long Blades    | 1 2 3 4 |  4.3
Axes           | 1 2 3 4 |  4.3
Maces & Flails | 1 2 3 4 |  4.3
Polearms       | 1 2 3 4 |  4.3
Staves         | 1 2 3 4 |  4.3
Slings         | 1 2 3 4 |  4.3
Bows           | 1 2 3 4 |  4.3
Crossbows      | 1 2 3 4 |  4.3
Throwing       | 1 2 3 4 |  4.3
Armour         | 1 2 3 4 |  4.3
Stealth        | 1 2 3 4 |  4.3
Shields        | 1 2 3 4 |  4.3
Spellcasting   | 5 6 |  6.7
Conjurations   | 1 2 3 |  3.5
Hexes          | 1 2 3 |  3.5
Summonings     | 1 2 3 |  3.5
Necromancy     | 1 2 3 |  3.5
Translocations | 1 2 3 |  3.5
Transmutations | 4 5 |  5.3
Fire Magic     | 1 2 3 |  3.5
Ice Magic      | 1 2 3 |  3.5
Air Magic      | 1 2 3 |  3.5
Earth Magic    | 1 2 3 |  3.5
Poison Magic   | 1 2 3 |  3.5
Invocations    | 1 2 3 4 |  4.7
Evocations     | 1 2 3 4 |  4.3
Dodging        | 5 6 |  6.3
Unarmed Combat | 7 |  7.9

Action                   |  1- 3 |  4- 6 |  7- 9 || total
-------------------------+-------+-------+-------++-------
Melee: Unarmed           |    31 |    93 |   163 ||   287
       Kick              |     9 |    18 |    26 ||    53
       Headbutt          |     5 |    18 |     9 ||    32
       Bite              |     2 |    14 |     8 ||    24
       Punch             |       |     1 |     2 ||     3
 Cast: Beastly Appendage |    15 |    25 |    18 ||    58
       Ice Form          |       |     1 |     2 ||     3
       Spider Form       |       |       |    23 ||    23
  Use: Scroll            |       |     6 |     6 ||    12
       Potion            |       |       |     1 ||     1
 Stab: Sleeping          |     1 |     2 |     9 ||    12
Armor: Robe              |     3 |    11 |     7 ||    21
       Skin              |       |       |     2 ||     2
Dodge: Dodged            |    13 |    56 |   128 ||   197

Table legend: (Time is in decaauts)
 A = Elapsed time spent in this place.
 B = Non-inter-level travel time spent in this place.
 C = Inter-level travel time spent in this place.
 D = Time resting spent in this place.
 E = Time spent auto-exploring this place.
 F = Levels seen in this place.
 G = Mean time per level.
                   A        B        C        D        E       F      G
               +--------+--------+--------+--------+--------+-----+--------+
         Total |   7459 |   7218 |    241 |     29 |   6054 |  10 |  745.9 |
       Dungeon |   7386 |   7145 |    241 |     29 |   6036 |   9 |  820.7 |
        Temple |     72 |     72 |      0 |      0 |     18 |   1 |   72.0 |
               +--------+--------+--------+--------+--------+-----+--------+

Top non-repeatable levels by time:
     D:6: 1355 daAuts
     D:7: 1299 daAuts
     D:5: 1140 daAuts
     D:2: 1068 daAuts
     D:4: 1009 daAuts
     D:1: 609 daAuts
     D:3: 431 daAuts
     D:8: 360 daAuts
    D:10: 110 daAuts
  Temple: 72 daAuts
